 Dungeon Crawl Stone Soup version 0.27.1-34-g3ba077fa99 (webtiles) character file.

Game seed: 15103017748946058250

1701 Fractals the Covered (level 9, -2/55 HPs)
             Began as a Kobold Berserker on Jan 6, 2022.
             Was a Priest of Trog.
             Slain by a vampire mosquito (9 damage)
             ... on level 7 of the Dungeon.
             The game lasted 00:16:42 (7988 turns).

Fractals the Covered (Kobold Berserker)             Turns: 7988, Time: 00:16:42

Health: -2/55      AC: 10    Str: 16    XL:     9   Next: 23%
Magic:  9/9        EV: 10    Int:  8    God:    Trog [***...]
Gold:   333        SH: 14    Dex: 16    Spells: 8/8 levels left

rFire    + . .     SeeInvis .   b - +2 dagger (venom)
rCold    . . .     Faith    .   y - +5 kite shield "Mixibyx" {rF+ rCorr}
rNeg     . . .     Spirit   .   u - +2 scale mail {rPois}
rPois    +         Reflect  .   h - +0 helmet
rElec    .         Harm     .   A - scarf {shadows}
rCorr    +         Rampage  .   (no gloves)
Will     ++...                  (no boots)
Stlth    ++........             (no amulet)
HPRegen  1.18/turn              (no ring)
MPRegen  0.11/turn              (no ring)

@: mighty, strong-willed, regenerating
A: small, no large weapons, nightstalker 3
a: Renounce Religion, Berserk, Trog's Hand


You were on level 7 of the Dungeon.
You worshipped Trog.
Trog was most pleased with you.
You visited 1 branch of the dungeon, and saw 7 of its levels.

You collected 383 gold pieces.
You spent 50 gold pieces at shops.

Inventory:

Hand Weapons
 b - a +2 dagger of venom (weapon)
 o - a +1 dagger of speed
 q - a +3 whip
 t - a +1 war axe
Missiles
 d - 306 stones
 f - 38 poisoned darts (quivered)
 i - a throwing net
Armour
 h - a +0 helmet (worn)
 u - a +2 scale mail of poison resistance (worn)
 y - the +5 kite shield "Mixibyx" (worn) {rF+ rCorr}
   (You found it on level 6 of the Dungeon)

   rF:        It protects you from fire.
   rCorr:     It protects you from acid and corrosion.
 A - a scarf of shadows (worn)
Wands
 l - a wand of flame (32)
 s - a wand of paralysis (3)
Scrolls
 a - a scroll of magic mapping
 c - 3 scrolls of fear
 g - 4 scrolls of identify
 m - a scroll of torment {unknown}
 r - 5 scrolls of teleportation
 w - a scroll of fog
 x - a scroll of acquirement {unknown}
 D - a scroll of silence
Potions
 e - a potion of might
 j - a potion of haste {unknown}
 k - 4 potions of curing
 n - a potion of mutation {unknown}
 p - a potion of resistance {unknown}
 v - a potion of brilliance {unknown}
 z - a potion of attraction {unknown}
 B - a potion of flight {unknown}
 C - a potion of heal wounds


   Skills:
 + Level 5.7 Fighting
 - Level 5.0 Short Blades
 + Level 4.8 Axes
 - Level 2.0 Throwing
 - Level 6.2 Armour
 - Level 2.4 Dodging
 - Level 2.0 Stealth
 + Level 1.8 Shields


You had 8 spell levels left.
You didn't know any spells.
Your spell library was empty.

Dungeon Overview and Level Annotations

Branches:
Dungeon (7/15)             Temple (0/1) D:4

Altars:
Fedhas
Uskayaw
Vehumet
Zin

Shops:
D:1 *(   D:4 (!   D:7 (


Innate Abilities, Weirdness & Mutations

You are small and have problems with some larger weapons.
You are completely attuned to the shadows.


Message History

You hit the vampire mosquito.
The vampire mosquito is lightly damaged.
The vampire mosquito bites you.
The vampire mosquito draws strength from your injuries!
The vampire mosquito closely misses you.
You block the vampire mosquito's attack.
The vampire mosquito bites you.
The vampire mosquito draws strength from your injuries!
You block the vampire mosquito's attack. x2
The vampire mosquito bites you.
The vampire mosquito draws strength from your injuries!
The vampire mosquito bites you!
The vampire mosquito draws strength from your injuries!
The vampire mosquito misses you.
You closely miss the vampire mosquito.
The vampire mosquito bites you but does no damage.
The vampire mosquito bites you.
The vampire mosquito draws strength from your injuries!
You feel very mighty all of a sudden.
The vampire mosquito closely misses you.
The vampire mosquito bites you!
* * * LOW HITPOINT WARNING * * *
The vampire mosquito draws strength from your injuries!
Your skin crawls.
You feel strong-willed. The vampire mosquito barely misses you.
You block the vampire mosquito's attack.
You puncture the vampire mosquito!
The vampire mosquito is moderately damaged.
You block the vampire mosquito's attack. x2
You barely miss the vampire mosquito.
The vampire mosquito is moderately damaged.
The vampire mosquito bites you!
* * * LOW HITPOINT WARNING * * *
The vampire mosquito draws strength from your injuries!
You block the vampire mosquito's attack.
You hit the vampire mosquito.
The vampire mosquito is lightly damaged.
The vampire mosquito bites you!
You die...

#.#...>..# #...
#.#>...#.# #...
#.#....#.# #...
#.#....#.# ##.#
#.#....#.# #.#
##.#.#....#########.#
......................
.##.#.#..............#
...#@#.##.##.....####
####y#...........####
##y#####.#.....#...
.......##.......#.##
####...###......#.#
#..$.+........#.#
#....###......#.#
...... #......#.##
#....^.#...


You could see 2 vampire mosquitoes.

Vanquished Creatures
  A water moccasin (D:5)
  2 black bears (D:5)
  2 necrophages
  2 centaurs
  An ogre (D:5)
  A phantom (D:7)
  A kobold brigand (D:7)
  2 scorpions
  A water moccasin skeleton (D:6)
  2 howler monkeys
  An electric eel (D:6)
  A centaur zombie (D:5)
  A jelly (D:7)
  2 bullfrog zombies
  2 centaur skeletons
  A hound (D:7)
  An iguana (D:7)
  Terence (D:2)
  Ijyb (D:4)
  A howler monkey skeleton (D:7)
  4 gnolls (D:6)
  13 adders
  2 white imps
  An ufetubus (D:7)
  An adder skeleton (D:4)
  A worm (D:2)
  A dart slug (D:4)
  9 orcs
  8 ball pythons
  4 bats
  4 endoplasms (D:1)
  6 giant cockroaches
  4 goblins
  6 hobgoblins
  A jackal (D:4)
  12 kobolds
  5 quokkas
  6 frilled lizards
  6 rats
121 creatures vanquished.

Vanquished Creatures (others)
  A plant (D:3)
  4 toadstools (D:1)
5 creatures vanquished.

Grand Total: 126 creatures vanquished

Notes
Turn   | Place    | Note
-------+----------+-------------------------------------------
     0 | D:1      | Fractals the Kobold Berserker began the quest for the Orb.
     0 | D:1      | Reached XP level 1. HP: 14/14 MP: 1/1
   191 | D:1      | Reached XP level 2. HP: 20/20 MP: 2/2
   197 | D:1      | Found Nife's General Store.
   334 | D:1      | Found Baozomn's Weapon Shop.
   647 | D:1      | Found a faded altar of an unknown god.
   983 | D:2      | Reached XP level 3. HP: 24/24 MP: 3/3
  1615 | D:2      | Noticed Terence
  1625 | D:2      | Killed Terence
  1626 | D:2      | Reached skill level 1 in Stealth
  1626 | D:2      | Reached XP level 4. HP: 21/30 MP: 4/4
  1944 | D:2      | Reached skill level 5 in Fighting
  1999 | D:3      | Reached skill level 2 in Armour
  2210 | D:3      | Reached ** piety under Trog
  2313 | D:3      | Reached XP level 5. HP: 21/35 MP: 5/5
  3138 | D:3      | Reached skill level 3 in Armour
  3414 | D:3      | Found a glowing silver altar of Zin.
  3487 | D:3      | Found a blossoming altar of Fedhas.
  3488 | D:3      | Found a radiant altar of Vehumet.
  3492 | D:3      | Found a hide-covered altar of Uskayaw.
  3554 | D:4      | Noticed Ijyb
  3567 | D:4      | Killed Ijyb
  3568 | D:4      | Reached XP level 6. HP: 30/40 MP: 6/6
  3625 | D:4      | Found Fus Tat's Distillery.
  3646 | D:4      | Bought a potion of heal wounds for 50 gold pieces
  3687 | D:4      | Found a staircase to the Ecumenical Temple.
  4261 | D:4      | Reached skill level 5 in Short Blades
  4261 | D:4      | Found Kuomn's Antique Weapon Boutique.
  4387 | D:5      | Entered Level 5 of the Dungeon
  4403 | D:5      | Noticed a black bear
  4421 | D:5      | Killed a black bear
  4422 | D:5      | Reached skill level 4 in Armour
  4714 | D:5      | Reached skill level 1 in Throwing
  4714 | D:5      | Reached XP level 7. HP: 40/44 MP: 7/7
  4941 | D:5      | Reached skill level 1 in Axes
  5292 | D:5      | Noticed a water moccasin
  5307 | D:5      | Killed a water moccasin
  5308 | D:5      | Reached skill level 5 in Armour
  5308 | D:5      | Reached XP level 8. HP: 19/49 MP: 8/8
  6399 | D:6      | Reached skill level 6 in Armour
  6412 | D:6      | Reached *** piety under Trog
  6784 | D:6      | Identified the +5 kite shield "Mixibyx" {rF+ rCorr}
  7029 | D:7      | Reached XP level 9. HP: 52/54 MP: 9/9
  7081 | D:7      | Found Muplant's Antique Weapon Shoppe.
  7093 | D:7      | Reached skill level 1 in Shields
  7988 | D:7      | Slain by a vampire mosquito

Illustrated notes

Levels and vault maps discovered:
D:1:      ldierk_walled_garden_2, layout_basic,
          dreamdust_ecumenical_altar_statues, serial_shops, shop,
          shop_fountains, supply_closet_lemuel, chequers_serial_rivers_micro_e,
          wander_ebering_terrifying_dragon_lair
D:2:      layout_rooms, uniq_terence
D:3:      layout_basic, marbit_many_paths, minitemple, gup_sewer_entry_spiral,
          minivault_26, minmay_shallow_snake_nest
D:4:      layout_cave_pools, minmay_temple_entry_statues_fountains,
          nrook_mini_backslash, kennysheep_diamond, kennysheep_windowed_goal,
          uniq_ijyb
D:5:      layout_rooms, hangedman_decor_opposing, kennysheep_cross_bottleneck
D:6:      cheibrodos_helix_gallery, layout_loops_ring, st_stairs_1
D:7:      layout_basic, serial_shops, shop, uniq_menkaure, uniq_maggie

Skill      XL: |  1  2  3  4  5  6  7  8  9 |
---------------+----------------------------+-----
Fighting       | 4 5 |  5.7
Stealth        | 1 2 |  2.0
Armour         | 2 3 4 5 6 |  6.2
Short Blades   | 5 |  5.0
Throwing       | 1 2 |  2.0
Axes           | 2 4 |  4.8
Shields        | 1 |  1.8
Dodging        | |  2.4

Action                   |  1- 3 |  4- 6 |  7- 9 || total
-------------------------+-------+-------+-------++-------
Melee: Short sword       |    27 |       |       ||    27
       Dagger            |    25 |   219 |   272 ||   516
       War axe           |       |       |    17 ||    17
       Whip              |       |       |    15 ||    15
Throw: Stone             |     3 |       |       ||     3
       Dart              |     1 |     2 |     2 ||     5
Invok: Berserk           |     1 |       |       ||     1
       Trog's Hand       |       |     1 |     1 ||     2
  Use: Scroll            |       |     4 |     7 ||    11
       Potion            |       |       |     4 ||     4
 Stab: Sleeping          |     8 |     2 |     5 ||    15
       Distracted        |       |     1 |       ||     1
Armor: Animal skin       |     2 |       |       ||     2
       Leather armour    |     2 |       |       ||     2
       Scale mail        |       |    76 |    96 ||   172
Dodge: Dodged            |    26 |   119 |   160 ||   305
Block: Kite shield       |       |       |    91 ||    91
